 Dungeon Crawl Stone Soup version 0.29.1-2-gbd0b4ee654 (webtiles) character file.

Game seed: 9432186074593938272

436 hawla the Gusty (level 7, -2/52 HPs)
             Began as a Meteoran Air Elementalist on Dec 1, 2022.
             Slain by a gnoll
             ... wielding a +0 spear
             ... led by a gnoll bouda
              (3 damage)
             ... on level 5 of the Dungeon.
             The game lasted 00:07:53 (823 turns).

hawla the Gusty (Meteoran Air Elementalist)          Turns: 823, Time: 00:07:54

Health: -2/52      AC:  2    Str: 10    XL:     7   Next: 45%
Magic:  2/15       EV: 13    Int: 18    God:
Gold:   61         SH:  0    Dex: 15    Spells: 9/16 levels left

rFire   . . .      SeeInvis +   (no weapon)
rCold   . . .      Faith    .   (no shield)
rNeg    . . .      Spirit   .   a - +0 robe
rPois   .          Reflect  .   (no helmet)
rElec   .          Harm     .   (no cloak)
rCorr   .          Rampage  .   (no gloves)
Will    .....                   (no boots)
Stlth   +.........              (no amulet)
HPRegen 0.17/turn               (no ring)
MPRegen 0.14/turn               (no ring)

@: mighty, glowing
A: sense surroundings 1, otherworldly, glowing, explore regen, see invisible,
subdued magic 1, MP-powered wands
a: no special abilities


You were on level 5 of the Dungeon.
You visited 1 branch of the dungeon, and saw 5 of its levels.

You collected 61 gold pieces.

Inventory:

Armour
 a - a +0 robe (worn)


   Skills:
 + Level 1.3 Fighting
 + Level 3.3 Dodging
 - Level 1.4 Stealth
 + Level 5.0 Spellcasting
 + Level 2.9 Conjurations
 + Level 6.9 Air Magic


You had 9 spell levels left.
You knew the following spells:

 Your Spells              Type           Power      Damage    Failure   Level
a - Shock                 Conj/Air       68%        1d7       1%          1
b - Static Discharge      Conj/Air       17%        3-6/arc   1%          2
c - Airstrike             Air            11%        2d(2-18)  6%          4

Your spell library contained the following spells:

 Spells                   Type           Power      Damage    Failure   Level
 Swiftness                Air            22%        N/A       1%          3
 Ensorcelled Hibernation  Hex/Ice        6%         N/A       17%         2
 Metabolic Englaciation   Hex/Ice        1%         N/A       98%         5
 Summon Mana Viper        Hex/Summ       3%         N/A       98%         5
 Discord                  Hex            1%         N/A       100%        8


Dungeon Overview and Level Annotations

Branches:
Dungeon (5/15) Zot: 2195
 Temple: D:4-7

Altars:
Uskayaw


Innate Abilities, Weirdness & Mutations

You passively map a small area around you.
You are easily found by Zot.
You glow in the dark.
You regain HP and MP as you explore.
You have supernaturally acute eyesight. (SInv)
Your spells are a little easier to cast, but a little less powerful.
You expend magic power (3 MP) to strengthen your wands.


Message History

The necrophage barely misses you.
Your Spellcasting skill increases to level 5!
Unknown command.
The necrophage attacks as you move away!
The necrophage barely misses you.
Things that are here:
a +0 short sword; a +0 leather armour
Things that are here:
a +0 trident of venom; an orc corpse You see here a +0 ring mail.
The necrophage attacks as you move away!
The necrophage barely misses you. The gnoll closely misses you.
You hit the gnoll but do no damage.
The gnoll is lightly wounded.
The gnoll hits you with a +0 spear! The necrophage barely misses you.
You hit the gnoll.
The gnoll is lightly wounded.
The gnoll hits you with a +0 spear!
* * * LOW HITPOINT WARNING * * *
The necrophage closely misses you.
You aren't carrying any scrolls.
It was a potion of might.
You feel very mighty all of a sudden. The gnoll closely misses you.
The necrophage barely misses you.
You barely miss the gnoll.
The gnoll is lightly wounded.
The gnoll misses you. The necrophage barely misses you.
You hit the gnoll. Your punch misses the gnoll.
The gnoll is severely wounded.
The gnoll hits you with a +0 spear!
* * * LOW HITPOINT WARNING * * *
The necrophage hits you but does no damage.
You closely miss the gnoll.
The gnoll is severely wounded.
The gnoll closely misses you. The necrophage barely misses you.
You barely miss the gnoll.
The gnoll is severely wounded.
The gnoll hits you with a +0 spear.
You die...

#.......# #.......#
#.......# #.......#
#.......# #...n...# ####*
#..!....##.....
#############.......#
*#†.))..)[.n@g....####
.....))##############....#
....... ####.## .......
#..# ....... ##.# *###
.......* #)####... .......
#).#.(..# ....... * ,
##.#...#* #...#


You could see a necrophage and a gnoll.

Vanquished Creatures
  A phantom (D:5)
  A necrophage (D:5)
  A gnoll bouda (D:5)
  An orc priest (D:5)
  2 orc wizards
  10 gnolls
  5 adders
  An ufetubus (D:4)
  A dart slug (D:4)
  9 orcs
  A bat (D:1)
  3 endoplasms
  A giant cockroach (D:2)
  3 goblins
  2 hobgoblins
  5 jackals (D:3)
  3 kobolds
  A quokka (D:1)
  3 ball pythons
54 creatures vanquished.

Notes
Turn   | Place    | Note
-------+----------+-------------------------------------------
     0 | D:1      | hawla the Meteoran Air Elementalist began the quest for the
                  | Orb.
     0 | D:1      | Reached XP level 1. HP: 14/14 MP: 5/5
    38 | D:1      | Reached XP level 2. HP: 13/20 MP: 1/6
    41 | D:1      | Learned a level 2 spell: Static Discharge
    63 | D:2      | Found a hide-covered altar of Uskayaw.
   104 | D:2      | Reached skill level 4 in Air Magic
   104 | D:2      | Reached XP level 3. HP: 26/26 MP: 4/8
   185 | D:2      | Reached XP level 4. HP: 33/33 MP: 7/10
   203 | D:3      | Learned a level 4 spell: Airstrike
   203 | D:3      | Found a faded altar of an unknown god.
   266 | D:3      | Reached skill level 5 in Air Magic
   266 | D:3      | Reached XP level 5. HP: 16/38 MP: 0/11
   341 | D:3      | You fall into a shaft and drop 1 floor!
   433 | D:4      | Identified the +9 dagger of the Apocalypse {antimagic,
                  | *Slow rElec Int+2 Dex+4}
   508 | D:4      | Got Nylloppa's Atlas of Jinxing
   617 | D:4      | Reached skill level 6 in Air Magic
   617 | D:4      | Reached XP level 6. HP: 41/46 MP: 3/13
   745 | D:5      | Entered Level 5 of the Dungeon
   774 | D:5      | Reached skill level 1 in Fighting
   797 | D:5      | Reached XP level 7. HP: 49/52 MP: 9/15
   802 | D:5      | Gained mutation: You have supernaturally acute eyesight.
                  | (SInv) [potion of mutation]
   802 | D:5      | Gained mutation: Your spells are a little easier to cast,
                  | but a little less powerful. [potion of mutation]
   802 | D:5      | Gained mutation: You expend magic power (3 MP) to
                  | strengthen your wands. [potion of mutation]
   809 | D:5      | Reached skill level 5 in Spellcasting
   821 | D:5      | HP: 1/52 [gnoll/+0 spear[a gnoll bouda] (9)]
   823 | D:5      | Slain by a gnoll

Illustrated notes

Levels and vault maps discovered:
D:1:      ebering_trefoil_twist, layout_rooms
D:2:      layout_basic, basic_altar, uniq_natasha
D:3:      layout_basic, serial_shops, nicolae_shop_bloodbath_and_beyond,
          hellmonk_ecumenical_altar_lost_god
D:4:      layout_rooms
D:5:      layout_rooms, nicolae_vehumet_altar_sigil, temple_fountains,
          lightli_ossuary_entry_decrepit_ruins, nicolae_underground_beach

Skill      XL: |  1  2  3  4  5  6  7 |
---------------+----------------------+-----
Spellcasting   | 3 4 5 |  5.0
Air Magic      | 4 5 6 |  6.9
Dodging        | 3 |  3.3
Conjurations   | 2 |  2.9
Fighting       | 1 |  1.3
Stealth        | |  1.4

Action                   |  1- 3 |  4- 6 |  7- 9 || total
-------------------------+-------+-------+-------++-------
Melee: Unarmed           |     3 |     5 |     9 ||    17
 Cast: Shock             |    25 |    27 |     1 ||    53
       Static Discharge  |     1 |    20 |     5 ||    26
       Airstrike         |       |     4 |       ||     4
  Use: Potion            |       |     5 |     3 ||     8
Armor: Robe              |       |     9 |     3 ||    12
Dodge: Dodged            |     2 |    23 |    18 ||    43
